 Dungeon Crawl Stone Soup version 0.18-a0-971-g0af6217 (webtiles) character file.

197 Gnarlagapoticus the Conjurer (level 5, 0/28 HPs)
             Began as a Deep Elf Conjurer on Jan 3, 2016.
             Slain by an orc (1 damage)
             ... on level 2 of the Dungeon.
             The game lasted 00:14:22 (3180 turns).

Gnarlagapoticus the Conjurer (Deep Elf Conjurer)    Turns: 3180, Time: 00:14:23

Health: 0/28       AC:  3    Str:  5    XL:     5   Next: 46%
Magic:  2/11       EV: 13    Int: 21    God:
Gold:   139        SH:  0    Dex: 20    Spells: 4 memorised, 0 levels left

rFire  . . .     SeeInvis .     (no weapon)
rCold  . . .     Gourm    .     a - +0 robe
rNeg   . . .     Faith    .     (no shield)
rPois  .         Spirit   .     v - +0 helmet
rElec  .         Dismiss  .     (no cloak)
rCorr  .         Reflect  .     (no gloves)
SustAt .         Harm     .     (no boots)
MR     .....                    (no amulet)
Stlth  ++........               p - +2 ring of slaying (curse)
                                g - +5 ring of dexterity

@: slowed, very slow, not resistant to hostile enchantments, unstealthy
A: no striking features
a: no special abilities


You were on level 2 of the Dungeon.
You were not hungry.

You visited 1 branch of the dungeon, and saw 4 of its levels.

You collected 139 gold pieces.

Inventory:

Hand Weapons
 h - a +0 spear of flaming
Armour
 a - a +0 robe (worn)
 v - a +0 helmet (worn)
Jewellery
 g - a +5 ring of dexterity (left hand)
 p - a cursed +2 ring of slaying (right hand)
Scrolls
 d - 3 scrolls of identify {unknown}
 e - a scroll of fog {unknown}
 i - a scroll of blinking {unknown}
 j - a scroll of magic mapping {unknown}
 m - a scroll of random uselessness {unknown}
 s - 2 scrolls of teleportation {unknown}
 t - a scroll of immolation {unknown}
 u - a scroll of recharging {unknown}
Potions
 f - a potion of agility {unknown}
 q - a potion of heal wounds {unknown}
 r - a potion of haste {unknown}
Books
 b - a book of Conjurations

   Spells                             Type                      Level
   a - Magic Dart                     Conjuration                  1
   b - Searing Ray                    Conjuration                  2
   c - Dazzling Spray                 Conjuration/Hexes            3
   d - Fulminant Prism                Conjuration/Hexes            4
   e - Iskenderun's Mystic Blast      Conjuration                  4
   f - Iskenderun's Battlesphere      Conjuration/Charms           5
 o - a book of Annihilations

   Spells                             Type                      Level
   a - Poison Arrow                   Conjuration/Poison           6
   b - Chain Lightning                Conjuration/Air              8
   c - Lehudib's Crystal Spear        Conjuration/Earth            8
   d - Glaciate                       Conjuration/Ice              9
   e - Fire Storm                     Conjuration/Fire             9
Comestibles
 c - 3 bread rations
 k - 2 beef jerkies
 l - a slice of pizza
 n - a meat ration


   Skills:
 - Level 2.4 Dodging
 - Level 2.4 Stealth
 - Level 3.0 Spellcasting
 + Level 7.4 Conjurations


You couldn't memorise any spells.
You knew the following spells:

 Your Spells              Type           Power        Failure   Level  Hunger
a - Magic Dart            Conj           ####         1%          1    None
b - Searing Ray           Conj           ####..       1%          2    ##.....
c - Dazzling Spray        Conj/Hex       ###.....     12%         3    ###....
d - Iskenderun's Mystic   Conj           ####....     8%          4    ####...


Dungeon Overview and Level Annotations

Branches:
Dungeon (4/15)
 Temple: D:4-7

Altars:
Makhleb


Message History

The orc hits you.
The orc wizard points at you and mumbles some strange words.
The magic dart hits you!
* * * LOW HITPOINT WARNING * * *
The orc closely misses you. The orc barely misses you.
You climb upwards.
There is a stone staircase leading down here.
Casting: Magic Dart
Confirm with . or Enter, or press ? or * to list all spells.
Aiming: Magic Dart
Press: ? - help, Shift-Dir - straight line, f - orc
Aim: an orc The magic dart hits the orc.
The orc is heavily wounded.
The orc hits you.
* * * LOW HITPOINT WARNING * * *
The orc hits you.
* * * LOW HITPOINT WARNING * * *
The orc hits you.
You die...

#.#############.#..#..# #.#
#.#..........##.#.#_#)# #.#
#[#.########.......#..# #.#
#......<..............#######.#
#####...######..#.##.#..........#
#.......).# #..#.##....#########
..###..รท#.####.......#..#
#####........#.oo....#..#
.......##.##....@....#..#
#####...................#
#####..............##
######.......### #.......#
#########


You could see 2 orcs.

Vanquished Creatures
  A big kobold (D:3)
  3 gnolls (D:2)
  Robin (D:3)
  An adder (D:3)
  An ooze (D:2)
  A worm (D:2)
  3 orcs
  7 bats
  5 giant cockroaches
  13 goblins
  13 hobgoblins
  2 ball pythons (D:1)
  4 giant newts
  5 kobolds
  6 rats
66 creatures vanquished.

Notes
Turn   | Place    | Note
--------------------------------------------------------------
     0 | D:1      | Gnarlagapoticus the Deep Elf Conjurer began the quest for the Orb.
     0 | D:1      | Reached XP level 1. HP: 10/10 MP: 6/6
   611 | D:1      | Reached XP level 2. HP: 12/15 MP: 5/8
   714 | D:1      | Reached skill level 5 in Conjurations
   720 | D:1      | Learned a level 2 spell: Searing Ray
   984 | D:2      | Reached XP level 3. HP: 19/19 MP: 5/9
  1162 | D:2      | Reached skill level 6 in Conjurations
  1195 | D:2      | Learned a level 3 spell: Dazzling Spray
  1362 | D:2      | Found a faded altar to an unknown god.
  1604 | D:2      | Reached XP level 4. HP: 24/24 MP: 4/10
  1730 | D:3      | Noticed Robin
  2086 | D:3      | Found a burning altar of Makhleb.
  2172 | D:3      | Killed Robin
  3038 | D:3      | Noticed a big kobold
  3047 | D:3      | Killed a big kobold
  3047 | D:3      | Reached skill level 7 in Conjurations
  3047 | D:3      | Reached XP level 5. HP: 21/28 MP: 1/11
  3053 | D:3      | Learned a level 4 spell: Iskenderun's Mystic Blast
  3180 | D:2      | HP: 1/28 [orc (1)]
  3180 | D:2      | Slain by an orc

Vault maps used:
D:1:      minmay_arrival_up_and_down, hangedman_feature_mirror
D:2:      ecumenical_altar_1
D:3:      lemuel_upstairs_altar, first_bread, hex_medium, bloody_makhleb,
          uniq_robin
D:4:      overflow_temple_1_default, okawaru_metal_pillars_1_2

Action                   |  1- 3 |  4- 6 || total
-------------------------+-------+-------++-------
Melee: Unarmed           |    21 |       ||    21
       Spear             |    38 |     3 ||    41
 Cast: Magic Dart        |    52 |    49 ||   101
       Searing Ray       |       |     3 ||     3
       Dazzling Spray    |       |     4 ||     4
 Stab: Sleeping          |     5 |       ||     5
  Eat: Chunk             |     1 |     6 ||     7
